 Dungeon Crawl Stone Soup version 0.21.1-1-g345015f (webtiles) character file.

632 aMcNicky the Chopper (level 7, -2/62 HPs)
             Began as a Minotaur Fighter on Mar 13, 2018.
             Killed from afar by TheNamelessOne's ghost (5 damage)
             ... with a sticky flame
             ... on level 6 of the Dungeon on Mar 14, 2018.
             The game lasted 00:13:18 (3797 turns).

aMcNicky the Chopper (Minotaur Fighter)             Turns: 3797, Time: 00:13:18

Health: -2/62      AC: 10    Str: 22    XL:     7   Next: 24%
Magic:  6/6        EV:  5    Int:  5    God:
Gold:   212        SH:  9    Dex: 10    Spells: 6/6 levels left

rFire    . . .     SeeInvis .   a - +1 war axe
rCold    . . .     Gourm    .   c - +0 shield
rNeg     . . .     Faith    .   w - +0 chain mail
rPois    .         Spirit   .   (helmet restricted)
rElec    .         Reflect  .   (no cloak)
rCorr    .         Harm     .   (no gloves)
MR       .....                  (no boots)
Stlth    ..........             (no amulet)
HPRegen  0.20/turn              (no ring)
MPRegen  0.10/turn              s - ring of wizardry

@: liquid flames, hasted, glowing, very quick
A: retaliatory headbutt, horns 2
a: no special abilities


You were on level 6 of the Dungeon.
You were not hungry.

You visited 1 branch of the dungeon, and saw 6 of its levels.

You collected 212 gold pieces.

Inventory:

Hand Weapons
 a - a +1 war axe (weapon)
 n - a +0 flail of holy wrath
Armour
 b - a +0 scale mail
 c - a +0 shield (worn)
 d - a cursed +0 buckler
 w - a +0 chain mail (worn)
Jewellery
 e - an uncursed ring of teleportation
 s - a ring of wizardry (right hand)
 v - an uncursed ring of loudness
Wands
 p - a wand of random effects (25)
 E - a wand of clouds (6)
 H - a wand of flame (16)
Scrolls
 g - 4 scrolls of enchant weapon
 h - a scroll of teleportation {unknown}
 i - 2 scrolls of amnesia {unknown}
 j - a scroll of blinking {unknown}
 m - 2 scrolls of enchant armour {unknown}
 o - 3 scrolls of fear {unknown}
 q - a scroll of magic mapping {unknown}
 t - 6 scrolls of identify {@r1}
 u - a scroll of random uselessness {unknown}
 x - a scroll of immolation {unknown}
 y - a scroll of noise {unknown}
 B - a scroll of fog {unknown}
Potions
 k - a potion of haste
 l - a potion of ambrosia
 r - a potion of heal wounds
 A - a potion of curing {@q1}
 C - 2 potions of brilliance {unknown}
 D - a potion of might
 F - a potion of cancellation {unknown}
Books
 G - a book of Minor Magic

   Spells                             Type                      Level
   a - Magic Dart                     Conjuration                  1
   b - Blink                          Translocation                2
   c - Call Imp                       Summoning                    2
   d - Slow                           Hexes                        2
   e - Conjure Flame                  Conjuration/Fire             3
   f - Mephitic Cloud                 Conjuration/Poison/Air       3
Comestibles
 f - 8 rations


   Skills:
 + Level 5.8 Fighting
 * Level 7.1 Axes
 + Level 6.0 Armour
 - Level 3.6 Shields


You had 6 spell levels left.
You didn't know any spells.

Dungeon Overview and Level Annotations

Branches:
Dungeon (7/15)
 Temple: D:4-7

Altars:
Ashenzari
Elyvilon

Annotations:
D:6 TheNamelessOne's ghost, novice DsFE


Innate Abilities, Weirdness & Mutations

You reflexively headbutt those who attack you in melee.
You have a pair of horns on your head.


Message History

The flame tongue hits you!
* * * LOW HITPOINT WARNING * * *
You hit TheNamelessOne's ghost but do no damage.
TheNamelessOne's ghost is severely damaged.
TheNamelessOne's ghost hits you.
* * * LOW HITPOINT WARNING * * *
All of the chunks of flesh in your inventory have rotted away.
You closely miss TheNamelessOne's ghost.
TheNamelessOne's ghost is severely damaged.
You miss TheNamelessOne's ghost.
TheNamelessOne's ghost is severely damaged.
TheNamelessOne's ghost hits you!
* * * LOW HITPOINT WARNING * * *
You closely miss TheNamelessOne's ghost.
You headbutt TheNamelessOne's ghost.
TheNamelessOne's ghost is almost destroyed.
TheNamelessOne's ghost sprays you with burning goo.
The sticky flame hits you!
You are covered in liquid flames!
You die... # #%######## #..>.@W..# ########.#

You could see TheNamelessOne's ghost.

Vanquished Creatures
  Grinder (D:3)
  Menkaure (D:4)
  Blork the orc (D:4)
  3 orc priests (D:3)
  A worker ant (D:2)
  Robin (D:4)
  2 adders (D:2)
  An ooze (D:4)
  5 worms
  4 dart slugs
  4 leopard geckos
  6 orcs (D:3)
  8 bats
  4 giant cockroaches
  14 goblins
  6 hobgoblins
  4 jackals
  4 kobolds
  3 quokkas
  3 ball pythons
  6 frilled lizards
  7 rats
89 creatures vanquished.

Notes
Turn   | Place    | Note
-------+----------+-------------------------------------------
     0 | D:1      | aMcNicky the Minotaur Fighter began the quest for the Orb.
     0 | D:1      | Reached XP level 1. HP: 19/19 MP: 0/0
   206 | D:1      | Reached skill level 3 in Axes
   206 | D:1      | Reached XP level 2. HP: 24/27 MP: 1/1
  1170 | D:2      | Reached XP level 3. HP: 33/33 MP: 2/2
  1255 | D:2      | Found a white marble altar of Elyvilon.
  1307 | D:2      | Reached skill level 4 in Axes
  1366 | D:2      | Reached XP level 4. HP: 38/40 MP: 3/3
  1885 | D:3      | Reached XP level 5. HP: 22/47 MP: 4/4
  1916 | D:3      | Reached skill level 5 in Axes
  2265 | D:3      | Noticed Grinder
  2272 | D:3      | Reached skill level 5 in Armour
  2280 | D:3      | Paralysed by Grinder for 5 turns
  2286 | D:3      | Killed Grinder
  2286 | D:3      | Reached skill level 5 in Fighting
  2286 | D:3      | Reached skill level 6 in Axes
  2286 | D:3      | Reached XP level 6. HP: 38/56 MP: 5/5
  2940 | D:4      | Noticed Menkaure
  2960 | D:4      | Killed Menkaure
  2960 | D:4      | Reached XP level 7. HP: 6/62 MP: 6/6
  3281 | D:4      | Noticed Blork the orc
  3301 | D:4      | Killed Blork the orc
  3301 | D:4      | Reached skill level 7 in Axes
  3448 | D:4      | Noticed Robin
  3462 | D:4      | Killed Robin
  3503 | D:4      | Found a shattered altar of Ashenzari.
  3731 | D:4      | You fall through a shaft for 3 floors!
  3770 | D:6      | Noticed TheNamelessOne's ghost (novice DsFE)
  3796 | D:6      | HP: 3/62 [TheNamelessOne's ghost (8)]
  3797 | D:6      | Killed from afar by TheNamelessOne's ghost

Skill      XL: |  1  2  3  4  5  6  7 |
---------------+----------------------+-----
Axes           | 3 4 6 7 |  7.1
Fighting       | 4 5 |  5.8
Armour         | 4 5 6 |  6.0
Shields        | |  3.6

Action                   |  1- 3 |  4- 6 |  7- 9 || total
-------------------------+-------+-------+-------++-------
Melee: War axe           |   115 |    87 |    76 ||   278
       Headbutt          |    14 |    10 |     8 ||    32
       Flail             |       |     5 |     1 ||     6
  Use: Scroll            |       |     7 |     4 ||    11
       Potion            |       |     2 |     2 ||     4
  Eat: Chunk             |     2 |     5 |       ||     7
       Ration            |       |       |     1 ||     1
Armor: Scale mail        |    37 |    18 |       ||    55
       Chain mail        |       |     8 |    28 ||    36
Dodge: Dodged            |    31 |    24 |     6 ||    61
Block: Shield            |    65 |    52 |    27 ||   144
